AoeStats
← Pab Mienko

Four Lakes

509213184Analyzed
1v1 RM · 7d ago on Sep 25, 2026· 38m 50s· 2 players
Game mode
Random Map
Map size
Tiny (2 player)
Population
200
Speed
Normal
Resources
Standard
Victory
Conquest
Starting age
Dark Age
Ending age
Imperial Age
RankedLock teamsTeams togetherTeam positionsShared explorationLock speedFull tech treeHidden civsTurbo modeCheats
Victory
Defeat
🇲🇽 Cumans · Mexico
923
+17
🇹🇷 Danes · Türkiye
944
-17
calambres testiculares
0:27 Loom
11:12 Feudal Age
11:57 Double-Bit Axe
12:00 Town Watch
13:57 Horse Collar
16:44 Gold Mining
16:49 Fishing Lines
22:33 Castle Age
20:46 Stone Mining
21:41 Scale Barding Armor
21:46 Forging
23:38 Bloodlines
24:16 Gold Shaft Mining
23:43 Town Patrol
28:58 Capped Ram
30:36 Steppe Husbandry
31:29 Chain Barding Armor
34:50 Imperial Age
32:57 Wheelbarrow
33:05 Iron Casting
34:57 Elite Steppe Lancer
38:12 Hand Cart
38:00 Heavy Plow
40:30 Chemistry
Pab Mienko
4:53 Loom
9:32 Feudal Age
10:07 Double-Bit Axe
13:14 Wheelbarrow
15:10 Town Watch
17:36 Castle Age
20:03 Bow Saw
20:38 Medium Warships
20:26 Town Watch
23:08 Fletching
27:46 Imperial Age
26:11 Fishing Lines
26:16 Fishing Lines
29:32 Hand Cart
29:17 Town Patrol
29:43 Forging
29:34 Scale Mail Armor
31:55 Iron Casting
31:36 Chain Mail Armor
31:15 Arson
31:30 Squires
30:51 Pikeman
31:16 Gambesons
32:16 Town Patrol
34:06 Blast Furnace
34:46 Conscription
37:48 Murder Holes
38:14 Ballistics
Connection lost

Rejoining the realm…

Still unreachable

The connection could not be restored.

Session expired

The server has moved on; the page needs a fresh start.